 Dungeon Crawl Stone Soup version 0.31-a0-810-ga77100ea1a (webtiles) character file.

Game seed: 2938373223751060795

709 LeprechaunX the Changeling (level 7, -15/46 HPs)
             Began as an Octopode Shapeshifter on Sept 21, 2023.
             Was an Initiate of Hepliaklqana.
             Demolished by an ogre
             ... wielding a +0 giant spiked club
              (22 damage)
             ... on level 5 of the Dungeon.
             The game lasted 00:09:23 (4373 turns).

LeprechaunX the Changeling (Octopode Shapeshifter)  Turns: 4373, Time: 00:09:24

Health: -15/46     AC:  1    Str: 15    XL:     7   Next: 68%
Magic:  0/7        EV: 14    Int: 12    God:    Hepliaklqana [......]
Gold:   159        SH:  0    Dex: 12    Spells: 6/6 levels left

rFire   + .          .
                       - Unarmed
rCold   . . .        (no shield)
rNeg    . . .        (helmet currently unavailable)
rPois   .            e - amulet of guardian spirit
rElec   .            v - ring of protection from fire
rCorr   .            (no ring)
SInv    .            (no ring)
Will    .....        (no ring)
Stlth   ++           (no ring)
HPRegen 0.27/turn    (no ring)
MPRegen 0.10/turn    (no ring)
                     (no ring)

%: guardian spirit
@: beast-form
A: beast (slay +3), almost no armour, amphibious, 8 rings, camouflage 1,
gelatinous body 1, (nimble swimmer 1), tentacles
a: Begin Untransformation, Renounce Religion


You were on level 5 of the Dungeon.
You worshipped Hepliaklqana.
Hepliaklqana was noncommittal.
You were a hulking beast.
You visited 1 branch of the dungeon, and saw 5 of its levels.
You also visited: Ossuary.

You collected 159 gold pieces.

Inventory:

Hand Weapons
 a - a +0 sling
Jewellery
 e - an amulet of guardian spirit (around mantle)
 v - a ring of protection from fire (left tentacle)
Talismans
 b - a beast talisman (active)
 c - a flux talisman
Wands
 p - a wand of flame (17)
Scrolls
 f - 3 scrolls of identify
 g - a scroll of enchant weapon {unknown}
 k - a scroll of acquirement {unknown}
 l - 2 scrolls of teleportation
 m - a scroll of blinking {unknown}
 n - a scroll of brand weapon {unknown}
 s - a scroll of poison
 u - a scroll of fear {unknown}
Potions
 d - 11 potions of curing
 h - a potion of ambrosia
 i - 2 potions of might {unknown}
 j - a potion of berserk rage {unknown}
 o - 2 potions of enlightenment {unknown}
 q - a potion of haste {unknown}
 r - 2 potions of brilliance {unknown}
 t - a potion of resistance {unknown}
 w - a potion of attraction {unknown}


   Skills:
 + Level 3.5 Fighting
 + Level 4.0 Dodging
 + Level 4.6 Unarmed Combat
 + Level 0.0 Invocations
 + Level 1.5 Evocations
 * Level 5.5 Shapeshifting


You had 6 spell levels left.
You didn't know any spells.
Your spell library contained the following spells:

 Spells                   Type           Power      Damage    Failure   Level
 Apportation              Tloc           0%         N/A       32%         1
 Necrotise                Necr           0%         1d4       32%         1
 Summon Small Mammal      Summ           0%         N/A       32%         1


Dungeon Overview and Level Annotations

Branches:
Dungeon (5/15)             Temple (0/1) D:5         Ossuary (visited)

Altars:
Ashenzari
Dithmenos
Elyvilon
Hepliaklqana
Kikubaaqudgha
Makhleb
Nemelex Xobeh
Ru
Trog
Uskayaw
Vehumet
Wu Jian
Xom
Zin
The Shining One

Shops:
D:1 [   D:3 (   D:4 (


Innate Abilities, Weirdness & Mutations

You are a hulking beast.
Your limbs bulge with bestial killing power. (Slay +3)
You cannot wear most types of armour.
You are amphibious.
You can wear up to eight rings at the same time.
Your skin changes colour to match your surroundings (Stealth+).
Your rubbery body absorbs attacks. (AC +1, EV +1)
((You are camouflaged when in or above water. (Stealth+)))
You have tentacles for arms and can constrict up to eight enemies at once.


Message History

You kill the ufetubus!
No target in view!
No target in view!
No target in view!
Found a staircase to the Ecumenical Temple.
w - a cyan potion
f - 3 scrolls of identify (gained 1)
Found a hide-covered altar of Uskayaw.
Found a shimmering altar of Xom.
Found a broken altar of Ashenzari.
Found a glowing silver altar of Zin.
Found five altars.
Found an ancient bone altar of Kikubaaqudgha.
Found a white marble altar of Elyvilon.
Found a shadowy altar of Dithmenos.
Found a hazy altar of Hepliaklqana.
Found a sparkling altar of Nemelex Xobeh.
There is a hazy altar of Hepliaklqana here.
You curl up in front of the altar of Hepliaklqana.
Hepliaklqana welcomes you!
An ogre comes into view. It is wielding a +0 giant spiked club.
The ogre shouts!
An ogre is nearby!
An ogre is nearby!
An ogre is nearby!
An ogre is nearby!
You tentacle-slap the ogre.
The ogre is lightly wounded.
The ogre hits you with a +0 giant spiked club!!
You barely miss the ogre. You squeeze the ogre!
The ogre is heavily wounded.
The ogre hits you with a +0 giant spiked club!!
Ouch! That really hurt!
* * * LOW HITPOINT WARNING * * *
You tentacle-slap the ogre.
The ogre is heavily wounded.
You tentacle-slap the ogre.
The ogre is severely wounded.
The ogre hits you with a +0 giant spiked club!!
You die...

######.## #_.#.#.#.#. #.#
########_......... #.#
#......#_.........
####.####......#_.#.#.#.#.
#.......#......##_#_#_#_#_
#.......#......###########
#.......#.......#
#.......#..#....#
#........hO.....# #####
#......##.####### #...#
#.....P#...#.## ##♣.<.♣
####.....>....# #......
#...#...#..# # #.>.♣†<
######.####..## #......
#......##... ##♣...♣
##........# #...#
##.....#.. ##'##


You could see an ogre.

Vanquished Creatures
  A wraith (Ossuary)
  A steam dragon (D:5)
  A scorpion (D:4)
  A jelly (D:3)
  A gnoll bouda (D:4)
  A hound (D:3)
  An orc wizard (D:4)
  A mummy (Ossuary)
  5 gnolls (D:4)
  6 adders
  An ufetubus (D:5)
  3 dart slugs
  17 orcs
  7 endoplasms
  3 giant cockroaches
  9 goblins
  7 hobgoblins (D:3)
  4 jackals (D:1)
  18 kobolds
  2 quokkas
  5 ball pythons
  3 bats (D:1)
  5 frilled lizards
  7 gnoll skeletons (Ossuary)
  7 kobold skeletons (Ossuary)
  11 orc skeletons (Ossuary)
  6 rats
134 creatures vanquished.

Notes
Turn   | Place    | Note
-------+----------+-------------------------------------------
     0 | D:1      | LeprechaunX the Octopode Shapeshifter began the quest for
                  | the Orb.
     0 | D:1      | Reached XP level 1. HP: 13/13 MP: 1/1
   144 | D:1      | Reached XP level 2. HP: 18/18 MP: 2/2
   326 | D:1      | Found a faded altar of an unknown god.
   414 | D:1      | Reached XP level 3. HP: 21/23 MP: 3/3
   635 | D:1      | Found Plog's Antique Armour Shop.
  1589 | D:3      | Found Jetsemn's Antique Weapon Emporium.
  1695 | D:3      | Reached XP level 4. HP: 28/29 MP: 4/4
  2127 | D:3      | Reached skill level 4 in Shapeshifting
  2127 | D:3      | Reached XP level 5. HP: 7/34 MP: 5/5
  2673 | D:4      | Found a sand-covered staircase.
  2688 | Ossuary  | Entered an ossuary
  2688 | Ossuary  | Noticed a wraith
  2688 | Ossuary  | Noticed a wraith
  2688 | Ossuary  | Noticed a wraith
  2904 | Ossuary  | Noticed a wraith
  2932 | Ossuary  | Killed a wraith
  2933 | Ossuary  | Reached XP level 6. HP: 8/41 MP: 6/6
  3295 | D:4      | Reached skill level 5 in Shapeshifting
  3297 | D:4      | Reached XP level 7. HP: 40/46 MP: 5/7
  3337 | D:4      | Found a bloodstained altar of Trog.
  3481 | D:4      | Reached skill level 1 in Evocations
  3502 | D:4      | Found Jompameh's Weapon Boutique.
  3557 | D:4      | Identified the +1 chain mail of Omission {rF+ rC+ Str+2
                  | Slay-3}
  3736 | D:5      | Entered Level 5 of the Dungeon
  3736 | D:5      | Noticed a steam dragon
  3829 | D:5      | Killed a steam dragon
  4221 | D:5      | Found a staircase to the Ecumenical Temple.
  4302 | D:5      | Found a hide-covered altar of Uskayaw.
  4303 | D:5      | Found a shimmering altar of Xom.
  4305 | D:5      | Found a broken altar of Ashenzari.
  4308 | D:5      | Found a glowing silver altar of Zin.
  4309 | D:5      | Found a glowing golden altar of the Shining One.
  4309 | D:5      | Found a sacrificial altar of Ru.
  4309 | D:5      | Found an ornate altar of the Wu Jian Council.
  4309 | D:5      | Found a radiant altar of Vehumet.
  4309 | D:5      | Found a burning altar of Makhleb.
  4310 | D:5      | Found an ancient bone altar of Kikubaaqudgha.
  4311 | D:5      | Found a white marble altar of Elyvilon.
  4312 | D:5      | Found a shadowy altar of Dithmenos.
  4313 | D:5      | Found a hazy altar of Hepliaklqana.
  4314 | D:5      | Found a sparkling altar of Nemelex Xobeh.
  4319 | D:5      | Became a worshipper of Hepliaklqana the Forgotten
  4373 | D:5      | Demolished by an ogre

Illustrated notes

Levels and vault maps discovered:
D:1:      amcnicky_arrival_double_pillar, layout_basic, serial_shops,
          nicolae_lakefront_shop, shapermc_ecumenical_altar_acropolis
D:2:      layout_loops_corners
D:3:      corexii_shack_village, layout_loops_ring, serial_shops,
          shop_fountains, minmay_increasing_density
D:4:      layout_cave_pools, mainiacjoe_overflow_small_starburst,
          nicolae_ossuary_entry_monument, serial_shops,
          nicolae_shop_temple_entry_statues_fountains, minmay_misc_feat_iff
D:5:      layout_loops_cross, minitemple, minmay_temple_entry_gardened_gates,
          serial_shops, shop, grunt_ministairs_7

Skill      XL: |  1  2  3  4  5  6  7 |
---------------+----------------------+-----
Fighting       | 2 3 |  3.5
Shapeshifting  | 4 5 |  5.5
Dodging        | 3 4 |  4.0
Unarmed Combat | 4 |  4.6
Evocations     | 1 |  1.5

Action                     |  1- 3 |  4- 6 |  7- 9 || total
---------------------------+-------+-------+-------++-------
  Melee: Unarmed           |    84 |   143 |    55 ||   282
         Constrict         |    23 |    46 |    10 ||    79
         Punch             |     3 |     3 |     4 ||    10
         Tentacles         |    13 |    31 |    10 ||    54
    Use: Potion            |       |     3 |       ||     3
         Scroll            |       |     5 |       ||     5
   Stab: Sleeping          |    13 |     8 |     1 ||    22
 Armour: Skin              |    33 |    67 |    32 ||   132
  Dodge: Dodged            |    45 |   101 |    33 ||   179

Table legend: (Time is in decaauts)
 A = Elapsed time spent in this place.
 B = Non-inter-level travel time spent in this place.
 C = Inter-level travel time spent in this place.
 D = Time resting spent in this place.
 E = Time spent auto-exploring this place.
 F = Levels seen in this place.
 G = Mean time per level.
                   A        B        C        D        E       F      G
               +--------+--------+--------+--------+--------+-----+--------+
         Total |   4359 |   4203 |    156 |    485 |   2829 |   6 |  726.5 |
       Dungeon |   3947 |   3791 |    156 |    393 |   2737 |   5 |  789.4 |
       Ossuary |    411 |    411 |      0 |     92 |     92 |   1 |  411.0 |
               +--------+--------+--------+--------+--------+-----+--------+

Top non-repeatable levels by time:
     D:3: 1072 daAuts
     D:2: 859 daAuts
     D:4: 757 daAuts
     D:1: 697 daAuts
     D:5: 561 daAuts
 Ossuary: 411 daAuts
